 Dungeon Crawl Stone Soup version 0.32-a0-20-ge526923d97 (webtiles) character file.

Game seed: 2798250287330368541

239 IdlyInterested the Trooper (level 5, 0/46 HPs)
             Began as a Demonspawn Fighter on Jan 17, 2024.
             Succumbed to a scorpion's poison
             ... on level 4 of the Dungeon.
             The game lasted 00:06:15 (2701 turns).

IdlyInterested the Trooper (Demonspawn Fighter)     Turns: 2701, Time: 00:06:16

Health: 0/46       AC:  6    Str: 17    XL:     5   Next: 79%
Magic:  5/5        EV:  9    Int:  8    God:
Gold:   163        SH:  0    Dex: 14    Spells: 4/4 levels left

rFire   . . .        a - +0 rapier
rCold   . . .        (no shield)
rNeg    . . .        b - +0 scale mail
rPois   .            (no helmet)
rElec   .            (no cloak)
rCorr   .            (no gloves)
SInv    .            (no boots)
Will    .....        (no amulet) Stlth
                     (no ring)
HPRegen 1.27/turn    (no ring)
MPRegen 0.09/turn

%: no passive effects
@: mighty, lethally poisoned (0 -> -1)
A: powered by death 1, demonic touch 1
a: no special abilities


You were on level 4 of the Dungeon.
You visited 1 branch of the dungeon, and saw 4 of its levels.

You collected 163 gold pieces.

Inventory:

Hand Weapons
 a - a +0 rapier (weapon)
Missiles
 i - 21 stones (quivered)
 m - 3 boomerangs
 u - 4 poisoned darts
Armour
 b - a +0 scale mail (worn)
Scrolls
 c - a scroll of butterflies {unknown}
 e - a scroll of enchant armour {unknown}
 j - a scroll of blinking {unknown}
 k - 3 scrolls of revelation
 l - a scroll of immolation
 n - 2 scrolls of teleportation {unknown}
 o - a scroll of amnesia {unknown}
 q - a scroll of fog
 s - a scroll of silence {unknown}
Potions
 d - a potion of might
 f - 2 potions of heal wounds {unknown}
 h - a potion of haste {unknown}
 p - a potion of mutation {unknown}
 r - a potion of ambrosia {unknown}
 t - 2 potions of degeneration {unknown}


   Skills:
 * Level 5.9 Fighting
 - Level 2.0 Short Blades
 - Level 3.0 Armour
 - Level 1.0 Dodging
 - Level 1.0 Stealth
 - Level 2.6 Shields
 + Level 0.6 Evocations


You had 4 spell levels left.
You didn't know any spells.
Your spell library contained the following spells:

 Spells                   Type           Power      Damage    Failure   Level
 Sting                    Conj/Alch      0%         1d3       82%         1
 Mercury Vapours          Alch/Air       0%         N/A       91%         2
 Olgreb's Toxic Radiance  Alch           0%         N/A       100%        4


Dungeon Overview and Level Annotations

Branches:
Dungeon (4/15)
 Temple: D:4-7

Altars:
Makhleb

Shops:
D:1 [   D:3 :


Innate Abilities, Weirdness & Mutations

You regenerate a little health from kills.
Your touch may inflict minor irresistible damage on your foes.


Message History

You feel better. The scorpion stings you.
* * * LOW HITPOINT WARNING * * *
You are lethally poisoned!
The scorpion poisons you! The orc hits you but does no damage.
You hit the scorpion. Your touch misses the scorpion.
The scorpion is moderately wounded.
* * * LOW HITPOINT WARNING * * *
You feel very sick. The scorpion closely misses you.
The orc hits you but does no damage. The scorpion misses you.
You hit the scorpion.
The scorpion is heavily wounded.
* * * LOW HITPOINT WARNING * * *
You feel very sick. The orc hits you but does no damage.
The scorpion stings you but does no damage.
You feel better. The orc misses you.
The scorpion stings you but does no damage.
You puncture the scorpion!
The scorpion is almost dead.
The scorpion stings you.
* * * LOW HITPOINT WARNING * * *
The orc hits you with a +0 dagger.
* * * LOW HITPOINT WARNING * * *
The scorpion closely misses you. The orc barely misses you.
You closely miss the scorpion.
The scorpion is almost dead.
The scorpion stings you.
* * * LOW HITPOINT WARNING * * *
You are lethally poisoned!
The scorpion poisons you! The orc hits you but does no damage.
You closely miss the scorpion. Your touch misses the scorpion.
The scorpion is almost dead.
* * * LOW HITPOINT WARNING * * *
You feel very sick. The scorpion misses you. The orc hits you with a +0 dagger.
* * * LOW HITPOINT WARNING * * *
You puncture the scorpion!
You kill the scorpion!
You die...

..... #..>#
#...# ##
#...# ..
#...# .####
#...###....#
#....).....#
#.#...†....#.
#....@o.!....
##########.##


You could see an orc.

Vanquished Creatures
  2 scorpions
  2 bombardier beetles (D:3)
  A hound (D:4)
  An adder (D:3)
  2 ribbon worms (D:3)
  5 ball pythons
  A bat (D:1)
  4 endoplasms
  4 giant cockroaches
  7 goblins
  5 hobgoblins
  5 jackals
  3 quokkas (D:1)
  7 frilled lizards
  5 kobolds
  8 rats
62 creatures vanquished.

Notes
Turn   | Place    | Note
-------+----------+-------------------------------------------
     0 | D:1      | IdlyInterested the Demonspawn Fighter began the quest for
                  | the Orb.
     0 | D:1      | Reached XP level 1. HP: 18/18 MP: 1/1
   119 | D:1      | Gained mutation: Your touch may inflict minor irresistible
                  | damage on your foes. [demonic ancestry]
   119 | D:1      | Reached XP level 2. HP: 24/24 MP: 2/2
   562 | D:1      | Reached XP level 3. HP: 30/30 MP: 3/3
   655 | D:1      | Found Micyin's Antique Armour Shop.
   839 | D:2      | Reached skill level 4 in Fighting
  1822 | D:3      | Gained mutation: You regenerate a little health from kills.
                  | [demonic ancestry]
  1822 | D:3      | Reached XP level 4. HP: 36/38 MP: 4/4
  1888 | D:3      | Reached skill level 1 in Dodging
  2073 | D:3      | Reached skill level 5 in Fighting
  2073 | D:3      | Reached XP level 5. HP: 40/44 MP: 5/5
  2192 | D:3      | Reached skill level 1 in Stealth
  2308 | D:3      | Found a burning altar of Makhleb.
  2411 | D:3      | Found Nunuvipawk's Book Shoppe.
  2700 | D:4      | HP: 2/46 [poisoned by a scorpion]
  2701 | D:4      | Succumbed to a scorpion's poison

Illustrated notes

Levels and vault maps discovered:
D:1:      minmay_arrival_nine_rooms, layout_loops_cross, serial_shops, shop
D:2:      layout_loops_corners
D:3:      layout_loops_cross, lightli_temple_of_fire, serial_shops,
          nicolae_shop_tiny_waterfront
D:4:      layout_loops_ring, lemuel_doored_altar, ebering_ghost_disaster_area,
          minmay_ogre_servants

Skill      XL: |  1  2  3  4  5 |
---------------+----------------+-----
Short Blades   | 2 |  2.0
Fighting       | 4 5 |  5.9
Armour         | 3 |  3.0
Dodging        | 1 |  1.0
Stealth        | 1 |  1.0
Shields        | |  2.6
Evocations     | |  0.6

Action                     |  1- 3 |  4- 6 || total
---------------------------+-------+-------++-------
  Melee: Rapier            |   123 |    52 ||   175
         Touch             |    16 |     5 ||    21
         Punch             |       |     2 ||     2
    Use: Scroll            |     4 |       ||     4
         Potion            |     1 |     3 ||     4
 Armour: Scale mail        |    65 |    52 ||   117
  Dodge: Dodged            |    61 |    37 ||    98
  Block: Buckler           |     4 |       ||     4

Table legend: (Time is in decaauts)
 A = Elapsed time spent in this place.
 B = Non-inter-level travel time spent in this place.
 C = Inter-level travel time spent in this place.
 D = Time resting spent in this place.
 E = Time spent auto-exploring this place.
 F = Levels seen in this place.
 G = Mean time per level.
                   A        B        C        D        E       F      G
               +--------+--------+--------+--------+--------+-----+--------+
         Total |   2717 |   2539 |    178 |    171 |   1826 |   4 |  679.2 |
       Dungeon |   2717 |   2539 |    178 |    171 |   1826 |   4 |  679.2 |
               +--------+--------+--------+--------+--------+-----+--------+

Top non-repeatable levels by time:
     D:3: 963 daAuts
     D:2: 917 daAuts
     D:1: 804 daAuts
     D:4: 31 daAuts
